cohdb
Replays
Latest Replays
All Replays
Popular Replays
Top Player Replays
Match Explorer
How It Works
Community
CoH3 Stats
Reddit
Sign in to upload your games and track your stats! →
Sign in with Steam
Match 29866051
Unlisted
Match 29866051
Overview
Messages
Build Orders
End
Construct Infanterie Kompanie
Selects Italian Coastal Battlegroup
Selects Coastal Reserves
GrW 34 Mortar Team
Coastal Reserve
Grenadier Squad
MG 42 Machine Gun Team
Construct Luftwaffe Kompanie
Selects Support Bunkers
Jäger Squad
Selects Rapid Fortifications
Rapid Fortifications
Medical Bunker
Jäger Squad
Jäger Squad
Rapid Fortifications
Anti-tank Bunker
Construct Panzer Kompanie
Selects Bulwark
Stoßtruppen Squad
Stoßtruppen Squad
Rapid Fortifications
MG 42 Bunker
Panzer IV Medium Tank
el-ilkino
Captain
SCHÖN
q币哥
Omar Kamel Rock
Honey
khj
nice man
0
0
Comments
sign in to comment!
No comments posted yet!